 Dungeon Crawl Stone Soup version 0.30-b1-2-g02819fbbbe (webtiles) character file.

Game seed: 10651330378100787605

289 Alarkh the Shooter (level 6, 43/43 HPs)
             Began as a Demonspawn Hexslinger on May 23, 2023.
             Got out of the dungeon alive.
             The game lasted 00:03:36 (2638 turns).

Alarkh the Shooter (Demonspawn Hexslinger)          Turns: 2638, Time: 00:03:37

Health: 43/43      AC:  3    Str:  7 (10) XL:     6   Next: 9%
Magic:  7/7        EV: 17    Int: 14 (16) God:
Gold:   77         SH:  0    Dex: 12 (14) Spells: 6/7 levels left

rFire   . . .        b - +0 dagger
rCold   . . .        (no shield)
rNeg    . . .        c - +0 robe
rPois   .            (no helmet)
rElec   .            g - +0 cloak
rCorr   .            (no gloves)
SInv    .            (no boots)
Will    .....        d - amulet of the acrobat
Stlth   +            n - +5 ring of evasion
HPRegen 0.27/turn    (no ring)
MPRegen 0.10/turn

%: acrobat
@: no status effects
A: powered by pain 1, demonic magic 1
a: no special abilities


You escaped.
You visited 1 branch of the dungeon, and saw 4 of its levels.

You collected 155 gold pieces.
You spent 78 gold pieces at shops.

Inventory:

Hand Weapons
 a - a +1 sling
 b - a +0 dagger (weapon)
Armour
 c - a +0 robe (worn)
 g - a +0 cloak (worn)
Jewellery
 d - an amulet of the acrobat (around neck)
 n - a +5 ring of evasion (left hand)
Scrolls
 f - 2 scrolls of silence
 i - a scroll of blinking {unknown}
 j - a scroll of fog {unknown}
 l - a scroll of amnesia {unknown}
 p - 2 scrolls of teleportation
 r - a scroll of identify
Potions
 h - a potion of attraction {unknown}
 k - a potion of curing
 s - a potion of lignification {unknown}


   Skills:
 - Level 1.0 Fighting
 + Level 5.9 Ranged Weapons
 - Level 1.7 Dodging
 - Level 1.0 Spellcasting
 - Level 3.0 Hexes


You had 6 spell levels left.
You knew the following spells:

 Your Spells              Type           Power      Damage    Failure   Level
a - Slow                  Hex            36%        N/A       8%          1

Your spell library contained the following spells:

 Spells                   Type           Power      Damage    Failure   Level
 Apportation              Tloc           0%         N/A       26%         1
 Magic Dart               Conj           0%         1d3       26%         1
 Necrotise                Necr           0%         1d4       26%         1
 Summon Small Mammal      Summ           0%         N/A       26%         1
 Searing Ray              Conj           0%         2d4       36%         2
 Inner Flame              Hex/Fire       4%         N/A       38%         3
 Portal Projectile        Hex/Tloc       8%         N/A       38%         3
 Cause Fear               Hex            4%         N/A       58%         4
 Ozocubu's Armour         Ice            0%         N/A       61%         3
 Vhi's Electric Charge    Tloc/Air       0%         N/A       61%         3
 Fulminant Prism          Conj/Hex       2%         3d5       80%         4
 Arcjolt                  Conj/Air       0%         1d10      100%        5
 Plasma Beam              Fire/Air       0%         2x1d11    100%        6
 Ozocubu's Refrigeration  Ice            0%         4d7       100%        7


Dungeon Overview and Level Annotations

Branches:
Dungeon (4/15)
 Temple: D:4-7

Altars:

Shops:
D:3 *


Innate Abilities, Weirdness & Mutations

You sometimes gain a little power by taking damage.
Spells you cast may paralyse adjacent enemies.


Message History

Ijyb is almost dead.
Ijyb zaps a wand.
The bolt of acid misses you.
The now-empty wand crumbles to dust.
You barely miss Ijyb.
Ijyb is almost dead.
Ijyb misses you.
You strike the helpless Ijyb from behind!
You hit Ijyb but do no damage.
Ijyb is almost dead.
Ijyb closely misses you.
You catch the helpless Ijyb completely off-guard!
You hit Ijyb.
You kill Ijyb!
You have reached level 6!
Your demonic ancestry asserts itself...
You feel energised by your suffering.
There is a stone staircase leading up here.
You flicker for a moment.
You flicker back into view.
Found a spear.
(D) Dungeon
Where to? (Enter - D:4, ? - help)
What level of the Dungeon? (default 1, ? - help)
There is a stone staircase leading up here.
You climb upwards.
There is a stone staircase leading down here.
Things that are here:
2 boomerangs; a +0 hand axe
Things that are here:
3 poisoned darts; a +0 club
There is a stone staircase leading up here.
You climb upwards.
There is a stone staircase leading down here.
There is a stone staircase leading up here.
You climb upwards.
There is a stone staircase leading down here.
There is an open gate here.
There is a staircase leading out of the dungeon here.
Are you sure you want to leave the Dungeon?
This will make you lose the game!
You have escaped!

.................................
.............................#..#
.................#####...........
.................#...#.........##
...........#######.8.#...........
..♣.♣.♣.♣..#.........#.....####.#
..........##........##...........
..........'.........#....⌠..###.#
..........'.....@...#...⌠...###.#
..........'.........#....⌠...##.#
..........##........##........#.#
..♣.♣.♣.♣..#.........#......#.#.#
...........#######.8.#...........
.................#...#......#.#.#
.................#####......#...#
............................###.#
............................###..


There were no monsters in sight!

Vanquished Creatures
  An ogre (D:4)
  A hound (D:3)
  A jelly (D:4)
  Ijyb (D:4)
  6 adders
  3 worms
  2 dart slugs
  2 orcs (D:3)
  5 endoplasms
  A giant cockroach (D:3)
  3 goblins
  3 hobgoblins
  4 jackals (D:2)
  8 kobolds
  3 quokkas
  4 ball pythons
  4 bats
  6 frilled lizards
  6 rats
64 creatures vanquished.

Notes
Turn   | Place    | Note
-------+----------+-------------------------------------------
     0 | D:1      | Alarkh the Demonspawn Hexslinger began the quest for the
                  | Orb.
     0 | D:1      | Reached XP level 1. HP: 15/15 MP: 2/2
    47 | D:1      | Reached skill level 2 in Ranged Weapons
   111 | D:1      | Gained mutation: Spells you cast may paralyse adjacent
                  | enemies. [demonic ancestry]
   111 | D:1      | Reached XP level 2. HP: 19/21 MP: 3/3
   254 | D:1      | Found a faded altar of an unknown god.
   289 | D:1      | Reached skill level 3 in Ranged Weapons
   477 | D:2      | Reached XP level 3. HP: 5/26 MP: 4/4
  1023 | D:2      | Reached XP level 4. HP: 32/32 MP: 5/5
  1029 | D:2      | Reached skill level 4 in Ranged Weapons
  1843 | D:3      | Reached XP level 5. HP: 36/37 MP: 6/6
  1853 | D:3      | Found Bisiv's General Store.
  1866 | D:3      | Bought a scroll of teleportation for 39 gold pieces
  1866 | D:3      | Bought a throwing net for 39 gold pieces
  2181 | D:4      | Reached skill level 5 in Ranged Weapons
  2208 | D:4      | Noticed an ogre
  2221 | D:4      | Killed an ogre
  2379 | D:4      | Noticed Ijyb
  2429 | D:4      | Killed Ijyb
  2430 | D:4      | Gained mutation: You sometimes gain a little power by
                  | taking damage. [demonic ancestry]
  2430 | D:4      | Reached XP level 6. HP: 31/43 MP: 7/7
  2638 | D:$      | Got out of the dungeon alive.

Illustrated notes

Levels and vault maps discovered:
D:1:      wander_arrival_estate, layout_rooms,
          hellmonk_ecumenical_altar_lost_god
D:2:      layout_loops_ring, dreamdust_princess_bridge
D:3:      layout_loops_cross, serial_shops, nicolae_shop_tiny_statue_garden
D:4:      layout_loops_ring, mainiacjoe_overflow_24_doors, minmay_puff,
          uniq_eustachio, uniq_ijyb, uniq_edmund

Skill      XL: |  1  2  3  4  5 |
---------------+----------------+-----
Ranged Weapons | 2 3 4 5 |  5.9
Fighting       | |  1.0
Dodging        | |  1.7
Spellcasting   | |  1.0
Hexes          | |  3.0

Action                     |  1- 3 |  4- 6 || total
---------------------------+-------+-------++-------
  Melee: Dagger            |    23 |    28 ||    51
         Punch             |     1 |       ||     1
   Fire: Sling             |   115 |   101 ||   216
  Throw: Throwing net      |       |     1 ||     1
    Use: Scroll            |     2 |     2 ||     4
         Potion            |       |     3 ||     3
   Stab: Invisible         |       |     2 ||     2
 Armour: Robe              |    10 |     5 ||    15
  Dodge: Dodged            |    72 |    46 ||   118
